 Dungeon Crawl Stone Soup version 0.18-a0-674-g00855b9 (webtiles) character file.

82125 Raultor the Bludgeoner (level 15, -8/109 HPs)
             Began as a Gargoyle Fighter on Dec 6, 2015.
             Was a High Priest of Okawaru.
             Killed from afar by Roxanne (52 damage)
             ... with an iron shot
             ... on level 1 of the Elven Halls.
             The game lasted 01:37:29 (21722 turns).

Raultor the Bludgeoner (Gargoyle Fighter)          Turns: 21722, Time: 01:37:29

Health: -8/109     AC: 35    Str: 23    XL:     15   Next: 72%
Magic:  20/20      EV:  6    Int:  9    God:    Okawaru [*****.]
Gold:   1986       SH: 22    Dex: 12    Spells: 0 memorised, 14 levels left

rFire  + + .     SeeInvis +     T - +4 morningstar (holy)
rCold  . . .     Clarity  .     H - +1 plate armour {MR+}
rNeg   + . .     SustAt   +     K - +2 large shield
rPois  ∞         Gourm    .     F - +1 hat {SInv}
rElec  +         Spirit   .     s - +1 cloak {rF+}
rCorr  .         Dismiss  .     d - +2 pair of gloves {archery}
rMut   .         Stasis   .     C - +0 pair of boots
MR     ++...                    X - amulet of Vitality {Regen+ HP+15}
Stlth  ..........               m - ring of Jebrib {+Inv rF+}
                                R - ring of sustain attributes

@: flying, drained, very resistant to hostile enchantments, extremely unstealthy
A: big wings, dopey 1, negative energy resistance 1, regeneration 1, electricity
resistance, strong 1, wild magic 1, unbreathing, petrification resistance, rot
immunity, AC +11
a: Stop Flying, Heroism, Finesse, Renounce Religion, Evoke Invisibility


You were on level 1 of the Elven Halls.
You worshipped Okawaru.
Okawaru was extremely pleased with you.
You were not hungry.

You visited 4 branches of the dungeon, and saw 23 of its levels.
You also visited: Bailey and Volcano.

You collected 2959 gold pieces.
You spent 973 gold pieces at shops.

Inventory:

Hand Weapons
 T - a +4 morningstar of holy wrath (weapon)
   (You took it off a molten gargoyle in a volcano)
Missiles
 g - a throwing net {=f, !d}
 k - 7 steel javelins (quivered)
 P - 7 javelins of penetration
Armour
 d - a +2 pair of gloves of archery (worn)
   (Okawaru gifted it to you on level 8 of the Lair of Beasts)
 s - a +1 cloak of fire resistance (worn)
   (You found it in a volcano)
 C - a +0 pair of boots (worn)
   (You found it on level 5 of the Lair of Beasts)
 F - a +1 hat of see invisible (worn)
   (Okawaru gifted it to you on level 3 of the Lair of Beasts)
 H - a +1 plate armour of magic resistance (worn)
   (You took it off an orc warlord in a bailey)
 K - a +2 large shield (worn)
   (You found it on level 6 of the Lair of Beasts)
Jewellery
 j - an uncursed ring of protection from fire {rF+, !d}
   (You found it on level 7 of the Lair of Beasts)
 m - the ring of Jebrib (right hand) {+Inv rF+}
   (You found it on level 10 of the Dungeon)

   [ring of protection from fire]

   It protects you from fire.
   It lets you turn invisible.
 y - an uncursed amulet of clarity {Clar, !d}
   (You found it on level 4 of the Dungeon)
 J - an uncursed ring of ice {rC+, rF-}
   (You took it off Fannar on level 1 of the Lair of Beasts)
 L - an uncursed ring of fire {rF+, rC-}
   (You found it on level 8 of the Lair of Beasts)
 N - an uncursed ring of see invisible {sInv, !d}
   (You bought it in a shop on level 4 of the Orcish Mines)
 R - a ring of sustain attributes (left hand)
   (You found it on level 5 of the Lair of Beasts)
 V - an uncursed ring of positive energy {rN+}
   (You found it on level 9 of the Dungeon)
 X - the amulet of Vitality (around neck) {Regen+ HP+15}
   (You bought it in a shop on level 3 of the Orcish Mines)

   [amulet of regeneration]

   It affects your health (+15).
   It increases your rate of regeneration.
Wands
 b - a wand of cold (6)
   (You found it on level 5 of the Lair of Beasts)
 f - a wand of digging (22)
   (You found it on level 3 of the Dungeon)
 r - a wand of lightning (6)
   (You found it on level 4 of the Lair of Beasts)
 M - a wand of draining (8)
   (You found it on level 4 of the Lair of Beasts)
 S - a wand of invisibility (2)
   (You found it on level 8 of the Dungeon)
Scrolls
 h - 2 scrolls of enchant weapon
 l - 5 scrolls of recharging
 n - 7 scrolls of remove curse
 o - 12 scrolls of identify
 p - 2 scrolls of magic mapping {!r}
 v - 3 scrolls of enchant armour
 A - 10 scrolls of teleportation
 E - 4 scrolls of fear
 G - 6 scrolls of amnesia
 O - 3 scrolls of blinking {!r}
Potions
 c - a potion of cancellation
 i - a potion of berserk rage {!q}
 w - 6 potions of heal wounds
 x - 7 potions of curing
 z - 4 potions of cure mutation {!q}
 Q - 4 potions of brilliance
 U - 2 potions of agility
 Y - 3 potions of might
 Z - 2 potions of invisibility
Books
 I - a book of Annihilations
   (You found it on level 3 of the Lair of Beasts)
Comestibles
 a - 4 chunks of flesh {@w0}
 e - 13 bread rations {@e1}
 q - 10 fruits
 t - 7 meat rations {@e2}
 u - 8 slices of pizza
 B - a royal jelly
 D - 23 beef jerkies


   Skills:
 + Level 11.1 Fighting
 - Level 16.2 Maces & Flails
 * Level 11.8(11.7) Armour
 * Level 2.5 Dodging
 + Level 14.6 Shields
 - Level 7.6(7.5) Invocations
 * Level 5.8 Evocations


You had 14 spell levels left.
You didn't know any spells.

Dungeon Overview and Level Annotations

Branches:
Dungeon (10/15)            Temple (0/1) D:4            Lair (8/8) D:10
  Swamp (0/4) Lair:4       Spider (0/4) Lair:4        Slime (0/6) Lair:7
    Orc (4/4) D:10            Elf (1/3) Orc:3

Altars:
Ashenzari
Dithmenos
Fedhas
Gozag
Okawaru
Zin
The Shining One
Beogh
Jiyva

Shops:
D:10 ?   Orc:2 ?   Orc:3 =*[   Orc:4 =(:=

Annotations:
Lair:7 exclusion: oklob plant
Elf:1 exclusion: Roxanne, Roxanne


Innate Abilities, Weirdness & Mutations

You are resistant to torment.
Your stone body is resilient (AC +11).
You are immune to poison.
Your large and strong wings let you fly indefinitely.
You resist negative energy.
You are resistant to electric shocks.
You can survive without breathing.
You are immune to petrification.
You are immune to rotting.
You are dopey. (Int -2)
Your natural rate of healing is unusually fast.
Your muscles are strong. (Str +2)
Your spells are a little harder to cast, but a little more powerful.


Message History

Something smites you!
You take 12 damage, and have 86/109 hp.
You barely miss the deep elf priest. You block the deep elf priest's attack.
You closely miss the deep elf priest.
The deep elf mage mumbles some strange words.
The deep elf mage blinks!
You hit the deep elf priest.
You kill the deep elf priest!
Okawaru accepts your kill.
A deep elf mage comes into view. It is wielding a long sword.
Things that are here:
a short sword; a leather armour You block the deep elf mage's attack.
You sock the deep elf mage!
The deep elf mage points at you and mumbles some strange words.
You block the stone arrow.
You miss the deep elf mage.
Something unseen opens the door.
You hit the deep elf mage. You block the deep elf mage's attack.
You sock the deep elf mage!
You kill the deep elf mage!
Okawaru accepts your kill.
Things that are here:
a short sword; a leather armour You closely miss the deep elf mage.
You block the deep elf mage's attack.
You hit the deep elf mage. You block the deep elf mage's attack.
You sock the deep elf mage! You block the deep elf mage's attack.
You puncture the deep elf mage! You closely miss the deep elf mage.
You block the deep elf mage's attack.
You closely miss the deep elf mage.
The deep elf mage mumbles some strange words.
The deep elf mage blinks!
You barely miss the deep elf mage.
The deep elf mage hits you but does no damage.
You bludgeon the deep elf mage!!
You kill the deep elf mage!
Okawaru accepts your kill.
No target in view!
Things that are here:
a dagger; an elf corpse You butcher the elf corpse.
a - 4 chunks of flesh {@w0} (gained 2)
You see here a dagger.
You regained 2 hp, and now have 105/109 hp.
Things that are here:
a short sword; a leather armour You see here a long sword.
You see here a long sword.
A deep elf mage comes into view. It is wielding a dagger of draining.
The deep elf mage shouts!
Health restored: 109 Unknown command.
Things that are here:
a short sword; a leather armour Really fly into a travel-excluded area?
Roxanne asks, "Say, could you scratch my back for me?"
Items here: ))) [ †††
There is an open door here.
Roxanne mumbles some strange words.
You blink.
Roxanne casts a spell.
You blink.
You hit Roxanne but do no damage.
Roxanne mumbles some strange words.
The iron shot hits you!
You take 41 damage, and have 68/109 hp.
MASSIVE DAMAGE!!
You puncture Roxanne! You hit Roxanne. You bludgeon Roxanne!! You hit Roxanne.
You hit Roxanne. You hit Roxanne but do no damage.
You hit Roxanne but do no damage. You sock Roxanne!
You hit Roxanne but do no damage. You hit Roxanne but do no damage.
Roxanne mumbles some strange words.
The crystal spear hits you!
Ouch! That really hurt!
* * * LOW HITPOINT WARNING * * *
You take 55 damage, and have 19/109 hp.
MASSIVE DAMAGE!!
Drink which item? (? for menu, Esc to quit)
You feel much better.
You regained 20 hp, and now have 39/109 hp.
You hit Roxanne but do no damage. You hit Roxanne but do no damage.
You bludgeon Roxanne!!
Roxanne mumbles some strange words.
You block the orb of energy.
The orb of energy explodes!
You hit Roxanne but do no damage.
Roxanne mumbles some strange words.
You block the crystal spear.
You hit Roxanne but do no damage. You puncture Roxanne!
You hit Roxanne but do no damage. You puncture Roxanne!
Roxanne mumbles some strange words.
The iron shot hits you!
You die...

#...## .#
####'#)#####.#####
......)...).......
####)###)###'####.
.# #.# ##.#.$...+
.# #.# ##'.....##
.# #.# #.......##
.. #.# ##.....8..#
#.##.# #......?@.#
#..#.# ##........#
.'# #........# ...
#'.....#+# ...
#'#.....#
..######## .


You could see Roxanne.

Vanquished Creatures
  Kirke (Lair:7)
  An orc warlord (Bailey)
  Snorg (Orc:4)
  Josephine (Lair:8)
  Fannar (Lair:1)
  4 hydras
  Harold (Volcano)
  2 ogre magi (Orc:4)
  The ghost of George the Carver, a novice DsFi of Makhleb (D:8)
  4 death yaks (Lair:5)
  Urug (D:10)
  Nergalle (Orc:1)
  A deep elf knight (Elf:1)
  A deep elf summoner (Elf:1)
  4 hill giants
  2 deep trolls (Orc:4)
  3 orc knights (Bailey)
  2 wolf spiders (Lair:8)
  5 deep elf conjurers (Elf:1)
  An orc sorcerer (Orc:4)
  A salamander (shapeshifter) (Elf:1)
  A guardian serpent (Lair:8)
  10 black mambas
  4 elephants
  2 cyclopes (Orc:4)
  18 spiny frogs
  A torpor snail (Lair:5)
  A spiny frog (shapeshifter) (Elf:1)
  2 molten gargoyles (Volcano)
  7 komodo dragons
  A queen bee (D:8)
  9 trolls
  A deep elf priest (Elf:1)
  8 polar bears (Lair:8)
  5 blink frogs (Lair:1)
  4 fire drakes
  A raiju (Lair:8)
  A boulder beetle (Lair:5)
  10 two-headed ogres
  4 trapdoor spiders (Lair:4)
  A redback (Lair:8)
  4 wraiths (Lair:8)
  3 basilisks
  7 deep elf magi
  4 wyverns
  4 deep elf fighters
  4 hogs (Lair:7)
  44 yaks
  7 hippogriffs
  A human (D:8)
  4 fire bats
  2 hungry ghosts
  Edmund (D:4)
  11 wargs
  5 hell hounds (Lair:8)
  2 ice beasts
  3 sky beasts
  28 wolves
  7 porcupines
  Purgy (D:4)
  A necrophage (D:8)
  17 water moccasins
  30 orc warriors
  13 black bears
  7 wasps (Lair:8)
  2 phantoms
  9 centaurs
  19 ogres
  12 crocodiles
  11 big kobolds
  23 giant frogs
  16 killer bees
  2 scorpions
  15 wights
  5 crimson imps
  A quasit (D:10)
  A centaur zombie (D:10)
  14 two-headed ogre zombies (D:10)
  2 lava snakes (Volcano)
  35 orc wizards
  18 orc priests
  14 hounds
  9 iguanas
  2 giant frog skeletons
  10 worker ants
  A killer bee zombie (D:6)
  17 sheep
  2 hound skeletons
  18 adders
  8 gnolls
  48 river rats
  2 shadow imps
  An ooze (D:1)
  2 worms
  5 giant geckos
  176 orcs
  A ball python (D:2)
  3 giant cockroaches
  33 goblins
  22 hobgoblins
  13 jackals
  33 kobolds
  2 quokkas
  7 bats
  A giant gecko zombie (D:6)
  4 giant newts
  A quokka skeleton (D:5)
  7 rats
967 creatures vanquished.

Vanquished Creatures (others)
  An ogre mage (D:10)
  A deep elf mage (Elf:1)
  A human (Lair:7)
  An electric eel (Lair:4)
  18 fungi
  19 plants
41 creatures vanquished.

Grand Total: 1008 creatures vanquished

Notes
Turn   | Place    | Note
--------------------------------------------------------------
     0 | D:1      | Raultor the Gargoyle Fighter began the quest for the Orb.
     0 | D:1      | Reached XP level 1. HP: 14/14 MP: 1/1
    76 | D:1      | Reached XP level 2. HP: 13/19 MP: 2/2
   492 | D:1      | Reached XP level 3. HP: 23/23 MP: 3/3
  1085 | D:2      | Reached skill level 4 in Shields
  1085 | D:2      | Reached XP level 4. HP: 27/29 MP: 4/4
  1163 | D:2      | Reached skill level 3 in Maces & Flails
  1315 | D:3      | Reached skill level 4 in Armour
  1321 | D:3      | Reached XP level 5. HP: 33/33 MP: 5/5
  1670 | D:4      | Noticed an ogre
  1681 | D:4      | Killed an ogre
  1681 | D:4      | Reached skill level 4 in Fighting
  1681 | D:4      | Reached skill level 4 in Maces & Flails
  1716 | D:4      | Found an iron altar of Okawaru.
  1759 | D:4      | Became a worshipper of Warmaster Okawaru
  1854 | D:4      | Reached XP level 6. HP: 38/38 MP: 6/6
  1900 | D:4      | Noticed Purgy
  1935 | D:4      | Killed Purgy
  1935 | D:4      | Reached skill level 5 in Shields
  1936 | D:4      | Noticed Edmund
  1957 | D:4      | Killed Edmund
  1957 | D:4      | Reached XP level 7. HP: 42/44 MP: 7/7
  2033 | D:5      | Entered Level 5 of the Dungeon
  2158 | D:4      | Found a staircase to the Ecumenical Temple.
  2513 | D:5      | Reached * piety under Okawaru
  2513 | D:5      | Reached skill level 5 in Maces & Flails
  3479 | D:6      | Found a shadowy altar of Dithmenos.
  3497 | D:6      | Reached skill level 5 in Armour
  3497 | D:6      | Reached skill level 1 in Invocations
  3645 | D:6      | Reached skill level 6 in Shields
  3645 | D:6      | Reached XP level 8. HP: 36/48 MP: 9/9
  3696 | D:6      | Reached skill level 6 in Maces & Flails
  3729 | D:6      | Reached skill level 2 in Invocations
  3825 | D:6      | Reached skill level 5 in Fighting
  4086 | D:6      | Found a blossoming altar of Fedhas.
  4128 | D:6      | Reached ** piety under Okawaru
  4148 | D:6      | Reached skill level 3 in Invocations
  4354 | D:6      | Got a bloodstained ring mail
  4365 | D:6      | Identified the +3 ring mail of Exclusion {+Blink SInv Stlth+} (You found it on level 6 of the Dungeon)
  4473 | D:7      | Reached skill level 7 in Maces & Flails
  4553 | D:7      | Reached XP level 9. HP: 34/54 MP: 9/11
  4609 | D:7      | Reached skill level 7 in Shields
  5026 | D:7      | Reached skill level 8 in Maces & Flails
  5074 | D:7      | Reached skill level 4 in Invocations
  5114 | D:7      | Reached *** piety under Okawaru
  5114 | D:7      | Reached skill level 6 in Armour
  5220 | D:7      | Found a glowing golden altar of the Shining One.
  5347 | D:7      | Reached skill level 8 in Shields
  5458 | D:8      | Noticed George's ghost (novice DsFi)
  5529 | D:8      | Killed George's ghost
  5529 | D:8      | Reached skill level 6 in Fighting
  5529 | D:8      | Reached skill level 9 in Maces & Flails
  5529 | D:8      | Reached XP level 10. HP: 42/60 MP: 13/13
  5585 | D:8      | Reached **** piety under Okawaru
  5670 | D:8      | Got a dazzling hand axe
  5671 | D:8      | Identified the +1 hand axe of the Middle {vamp, Str+4} (You found it on level 8 of the Dungeon)
  5835 | D:8      | Reached skill level 9 in Shields
  6006 | D:8      | Reached skill level 7 in Armour
  6642 | D:9      | Received a gift from Okawaru
  6756 | D:9      | Reached skill level 10 in Maces & Flails
  7026 | D:9      | Got a coiled tin ring
  7027 | D:9      | Identified the cursed ring "Qipoosy" {rElec rC++ Str-6 Int-4 Dex-2} (You found it on level 9 of the Dungeon)
  7189 | D:9      | Reached skill level 10 in Shields
  7378 | D:9      | Reached skill level 7 in Fighting
  7448 | D:9      | Reached XP level 11. HP: 59/67 MP: 14/14
  7824 | D:10     | Entered Level 10 of the Dungeon
  7993 | D:10     | Found Hempeuh's Magic Scroll Shoppe.
  8004 | D:10     | Bought a scroll of blinking for 120 gold pieces
  8004 | D:10     | Bought a scroll of identify for 32 gold pieces
  8004 | D:10     | Bought a scroll of fear for 56 gold pieces
  8018 | D:10     | Found a glowing silver altar of Zin.
  8043 | D:10     | Noticed a hill giant
  8048 | D:10     | Noticed Urug
  8084 | D:10     | Killed a hill giant
  8147 | D:10     | Found a staircase to the Lair.
  8179 | D:10     | Found a staircase to the Orcish Mines.
  8200 | D:10     | Received a gift from Okawaru
  8210 | D:10     | Reached skill level 8 in Armour
  8264 | D:10     | Reached ***** piety under Okawaru
  8264 | D:10     | Reached skill level 11 in Maces & Flails
  8320 | D:10     | Noticed a hill giant
  8354 | D:10     | Killed a hill giant
  8740 | D:10     | Noticed an ogre mage
  8840 | D:10     | Killed Urug
  9099 | D:10     | Killed an ogre mage
  9099 | D:10     | Reached skill level 11 in Shields
  9113 | D:10     | Got a warped marble ring
  9115 | D:10     | Identified the ring of Jebrib {+Inv rF+} (You found it on level 10 of the Dungeon)
  9234 | D:10     | Reached skill level 5 in Invocations
  9378 | Lair:1   | Entered Level 1 of the Lair of Beasts
  9503 | Lair:1   | Noticed Fannar
  9527 | Lair:1   | Killed Fannar
  9527 | Lair:1   | Received a gift from Okawaru
  9527 | Lair:1   | Reached skill level 8 in Fighting
  9527 | Lair:1   | Reached XP level 12. HP: 70/73 MP: 8/16
  9552 | Lair:1   | Gained mutation: Your natural rate of healing is unusually fast. [potion of beneficial mutation]
  9569 | Lair:1   | Reached skill level 12 in Maces & Flails
  9585 | Lair:1   | Gained mutation: Your spells are a little harder to cast, but a little more powerful. [potion of mutation]
  9585 | Lair:1   | Gained mutation: Your muscles are strong. (Str +2) [potion of mutation]
  9585 | Lair:1   | Gained mutation: You are dopey. (Int -2) [potion of mutation]
  9614 | Lair:1   | Found a dark tunnel.
  9628 | Volcano  | Entered a volcano
  9894 | Volcano  | Found a burning altar of Makhleb.
  9894 | Volcano  | Noticed Harold
  9924 | Volcano  | Killed Harold
 10059 | Volcano  | Reached skill level 9 in Armour
 10374 | Lair:1   | Reached skill level 6 in Invocations
 10612 | Lair:1   | Reached skill level 13 in Maces & Flails
 11312 | Lair:2   | Reached skill level 9 in Fighting
 11423 | Lair:2   | Reached XP level 13. HP: 80/80 MP: 17/17
 11606 | Lair:2   | Found a shattered altar of Ashenzari.
 11948 | Lair:3   | Reached skill level 12 in Shields
 11977 | Lair:3   | Received a gift from Okawaru
 12029 | Lair:3   | Reached skill level 7 in Invocations
 12749 | Lair:4   | You fall through a shaft for 2 floors!
 13093 | Lair:5   | Reached skill level 14 in Maces & Flails
 13173 | Lair:4   | Found a staircase to the Swamp.
 13400 | Lair:4   | Found a hole to the Spider Nest.
 13521 | Lair:4   | Reached skill level 10 in Armour
 13815 | Lair:5   | Reached skill level 1 in Evocations
 15046 | Lair:7   | Noticed Kirke
 15065 | Lair:7   | Reached skill level 2 in Evocations
 15079 | Lair:7   | Killed Kirke
 15083 | Lair:7   | Received a gift from Okawaru
 15094 | Lair:7   | Got a fabulously ornate robe {god gift}
 15105 | Lair:7   | Identified the +1 robe of Okawaru's Reproof {rPois Dex+3} (Okawaru gifted it to you on level 7 of the Lair of Beasts)
 15178 | Lair:7   | Gained mutation: Your large and strong wings let you fly indefinitely. [potion of beneficial mutation]
 15241 | Lair:7   | Mutation became permanent: Your large and strong wings let you fly indefinitely. [Gargoyle growth]
 15241 | Lair:7   | Reached XP level 14. HP: 72/87 MP: 19/19
 15358 | Lair:7   | Found a viscous altar of Jiyva.
 15358 | Lair:7   | Found a staircase to the Slime Pits.
 15369 | Lair:7   | Found an opulent altar of Gozag.
 15528 | Lair:7   | Reached skill level 3 in Evocations
 15702 | Lair:7   | Reached skill level 15 in Maces & Flails
 15775 | Lair:7   | Reached skill level 10 in Fighting
 15853 | Lair:7   | Reached skill level 13 in Shields
 15970 | Lair:8   | Entered Level 8 of the Lair of Beasts
 16156 | Lair:8   | Noticed Josephine
 16177 | Lair:8   | Killed Josephine
 16961 | Lair:8   | Reached skill level 11 in Armour
 16961 | Lair:8   | Reached skill level 4 in Evocations
 17164 | Lair:8   | Received a gift from Okawaru
 18019 | Orc:1    | Entered Level 1 of the Orcish Mines
 18043 | Orc:1    | Reached XP level 15. HP: 79/93 MP: 20/20
 18062 | Orc:1    | Noticed Nergalle
 18077 | Orc:1    | Killed Nergalle
 18297 | Orc:1    | Reached skill level 16 in Maces & Flails
 18429 | Orc:2    | Found Zadghud's Magic Scroll Shop.
 18718 | Orc:2    | HP: 23/93 [orc wizard/magic dart (1)]
 18864 | Orc:2    | Found a flagged portal.
 18875 | Bailey   | Entered a bailey
 19214 | Bailey   | Reached skill level 14 in Shields
 19270 | Bailey   | Identified a scroll of acquirement
 19277 | Bailey   | Got a steaming quick blade
 19278 | Bailey   | Identified the +7 quick blade of Liyjitu {freeze, +Blink Int+4 Dex+3} (You acquired it in a bailey)
 19716 | Orc:3    | Found Nooffad's Jewellery Shoppe.
 19716 | Orc:3    | Found a staircase to the Elven Halls.
 19796 | Orc:3    | Found a roughly hewn altar of Beogh.
 19853 | Orc:3    | Bought the amulet of Vitality {Regen+ HP+15} for 555 gold pieces
 19915 | Orc:3    | Found Pottig's General Store.
 19921 | Orc:3    | Found Hiajo's Armour Emporium.
 20317 | Orc:4    | Entered Level 4 of the Orcish Mines
 20543 | Orc:4    | Noticed Snorg
 20576 | Orc:4    | Killed Snorg
 20576 | Orc:4    | Reached skill level 5 in Evocations
 20612 | Orc:4    | Reached skill level 1 in Dodging
 20710 | Orc:4    | Found Lusoy's Jewellery Shoppe.
 20717 | Orc:4    | Found Ajerelae's Book Boutique.
 20780 | Orc:4    | Reached skill level 2 in Dodging
 20807 | Orc:4    | Found Botif's Antique Weapon Emporium.
 20808 | Orc:4    | Found Kesoe's Jewellery Shoppe.
 20898 | Orc:4    | Bought an uncursed ring of see invisible for 210 gold pieces
 20943 | Orc:4    | Received a gift from Okawaru
 21331 | Elf:1    | Entered Level 1 of the Elven Halls
 21358 | Elf:1    | Reached skill level 11 in Fighting
 21605 | Elf:1    | Noticed Roxanne
 21713 | Elf:1    | HP: 19/109 [Roxanne/crystal spear (56)]
 21722 | Elf:1    | Killed from afar by Roxanne

Vault maps used:
D:1:      dpeg_arrival_morbid_curiosity
D:4:      wad_pebble_path, lemuel_crystal_altar, temple_green, uniq_edmund,
          uniq_purgy
D:5:      lemuel_upstairs_altar, first_bread, glass_columns_b
D:6:      nicolae_whirlpool, fedhas_altar_2, kennysheep_cross_room,
          nicolae_dithmenos_through_a_glass_darkly
D:7:      minmay_flawed_box, basic_altar
D:8:      grunt_livestock, nicolae_looking_at_the_future
D:9:      special_room, lightli_corner_chamber
D:10:     lemuel_ogre_cave, due_lair_maze_entry_diamond, orc_0_dummy,
          serial_shops, nicolae_shop_statue_plus, basic_altar, uniq_urug
Lair:1:   nicolae_volcano_entry_batcave, serial_forest,
          infiniplex_forest_straight_4, infiniplex_forest_clump_double,
          infiniplex_forest_straight_2, infiniplex_forest_clump_tiny,
          infiniplex_forest_zigzag_2, infiniplex_forest_clump_medium,
          infiniplex_forest_end_1, infiniplex_forest_fountain,
          grunt_megastairs_3, lemuel_fruit_fields, uniq_fannar
Lair:2:   basic_altar, serial_bayou_shore_b, grunt_megastairs_2
Lair:4:   minmay_swamp_entry_eels, spider_nest_entry_webs
Lair:6:   minmay_hedge_maze
Lair:7:   slime_altar_1, lemuel_oklob_altar, uniq_kirke
Lair:8:   hangedman_lair_caniforms_friends, hangedman_lair_tendril_chambers,
          serial_bayou_shore_b, uniq_josephine
Orc:1:    nicolae_orc_sculptors_studio, uniq_nergalle
Orc:2:    serial_shops, nicolae_shop_stone, enter_bailey_8
Orc:3:    basic_altar, serial_shops, nicolae_shop_trees, shop, shop_fountains,
          nicolae_orc_pool_cavern
Orc:4:    st_orc_open, uniq_snorg
Elf:1:    minmay_elf_sorcery, roderic_lattice_octagonal_star, uniq_roxanne
Bailey:   bailey_axe_minmay_hex_keep, bailey
Volcano:  volcano_lake

Action                   |  1- 3 |  4- 6 |  7- 9 | 10-12 | 13-15 || total
-------------------------+-------+-------+-------+-------+-------++-------
Melee: Flail             |    49 |       |       |   719 |       ||   768
       Whip              |   106 |   178 |   810 |   520 |       ||  1614
       Morningstar       |       |       |       |   258 |  2224 ||  2482
Throw: Javelin           |       |       |       |       |     1 ||     1
Invok: Heroism           |       |       |     5 |    12 |     9 ||    26
       Finesse           |       |       |       |     5 |    11 ||    16
 Abil: Fly               |       |       |       |       |     1 ||     1
Evoke: Wand              |       |       |       |     1 |       ||     1
  Use: Scroll            |     1 |       |     9 |     8 |     9 ||    27
       Potion            |       |     1 |       |     5 |     3 ||     9
 Stab: Distracted        |       |       |       |     1 |     1 ||     2
       Invisible         |       |       |       |     5 |       ||     5
       Sleeping          |       |       |       |     3 |     4 ||     7
  Eat: Bread ration      |     1 |       |       |     1 |       ||     2
       Chunk             |     1 |     3 |    14 |    18 |    37 ||    73
       Pizza             |       |       |       |     1 |       ||     1
       Fruit             |       |       |       |     1 |     1 ||     2

Vault maps used:
D:1:      dpeg_arrival_morbid_curiosity
D:4:      wad_pebble_path, lemuel_crystal_altar, temple_green, uniq_edmund,
          uniq_purgy
D:5:      lemuel_upstairs_altar, first_bread, glass_columns_b
D:6:      nicolae_whirlpool, fedhas_altar_2, kennysheep_cross_room,
          nicolae_dithmenos_through_a_glass_darkly
D:7:      minmay_flawed_box, basic_altar
D:8:      grunt_livestock, nicolae_looking_at_the_future
D:9:      special_room, lightli_corner_chamber
D:10:     lemuel_ogre_cave, due_lair_maze_entry_diamond, orc_0_dummy,
          serial_shops, nicolae_shop_statue_plus, basic_altar, uniq_urug
Lair:1:   nicolae_volcano_entry_batcave, serial_forest,
          infiniplex_forest_straight_4, infiniplex_forest_clump_double,
          infiniplex_forest_straight_2, infiniplex_forest_clump_tiny,
          infiniplex_forest_zigzag_2, infiniplex_forest_clump_medium,
          infiniplex_forest_end_1, infiniplex_forest_fountain,
          grunt_megastairs_3, lemuel_fruit_fields, uniq_fannar
Lair:2:   basic_altar, serial_bayou_shore_b, grunt_megastairs_2
Lair:4:   minmay_swamp_entry_eels, spider_nest_entry_webs
Lair:6:   minmay_hedge_maze
Lair:7:   slime_altar_1, lemuel_oklob_altar, uniq_kirke
Lair:8:   hangedman_lair_caniforms_friends, hangedman_lair_tendril_chambers,
          serial_bayou_shore_b, uniq_josephine
Orc:1:    nicolae_orc_sculptors_studio, uniq_nergalle
Orc:2:    serial_shops, nicolae_shop_stone, enter_bailey_8
Orc:3:    basic_altar, serial_shops, nicolae_shop_trees, shop, shop_fountains,
          nicolae_orc_pool_cavern
Orc:4:    st_orc_open, uniq_snorg
Elf:1:    minmay_elf_sorcery, roderic_lattice_octagonal_star, uniq_roxanne
Bailey:   bailey_axe_minmay_hex_keep, bailey
Volcano:  volcano_lake

Table legend:
 A = Turns spent in this place as a percentage of turns spent in the entire game.
 B = Non-inter-level travel turns spent in this place as a percentage of non-inter-level travel turns spent in the entire game.
 C = Inter-level travel turns spent in this place as a percentage of turns spent in this place.
 D = Turns resting spent in this place as a percentage of non-inter-level travel turns spent in this place.
 E = Turns spent auto-exploring this place as a percentage of non-inter-level travel turns spent in this place.
 F = Non-inter-level travel turns spent in this place divided by the number of levels of this place that you've seen.
                   A       B       C       D       E      F
               +-------+-------+-------+-------+-------+----------------------
         Total | 100.0 | 100.0 |   0.4 |   0.1 |   7.7 | 376.8
       Dungeon |  44.4 |  44.4 |   0.4 |   0.1 |   7.6 | 418.3
          Lair |  33.4 |  33.3 |   0.5 |   0.2 |   7.1 | 392.6
  Orcish Mines |  12.5 |  12.5 |   0.8 |   0.0 |  10.9 | 294.2
   Elven Halls |   3.0 |   3.0 |   0.0 |   0.0 |   5.6 | 286.0
        Bailey |   4.5 |   4.5 |   0.0 |   0.0 |   7.3 | 423.0
       Volcano |   2.2 |   2.2 |   0.0 |   0.0 |   6.2 | 211.0
               +-------+-------+-------+-------+-------+----------------------

Table legend:
 A = Kills in this place as a percentage of kills in entire the game.
 B = Kills by you in this place as a percentage of kills by you in the entire game.
 C = Kills by friends in this place as a percentage of kills by friends in the entire game.
 D = Other kills in this place as a percentage of other kills in the entire game.
 E = Experience gained in this place as a percentage of experience gained in the entire game.
 F = Experience gained in this place divided by the number of levels of this place that you have seen.
                   A       B       C       D       E      F
               +-------+-------+-------+-------+-------+----------------------
         Total | 100.0 | 100.0 |  -nan | 100.0 | 100.0 | 4692.9
       Dungeon |  32.6 |  32.6 |  -nan |  33.3 |  14.5 | 1704.6
          Lair |  35.8 |  35.8 |  -nan |  33.3 |  56.4 | 8267.0
  Orcish Mines |  21.3 |  21.4 |  -nan |   0.0 |  15.6 | 4588.8
   Elven Halls |   2.1 |   2.0 |  -nan |  33.3 |   6.5 | 7653.0
        Bailey |   7.1 |   7.1 |  -nan |   0.0 |   4.4 | 5168.0
       Volcano |   1.1 |   1.1 |  -nan |   0.0 |   2.5 | 2964.0
               +-------+-------+-------+-------+-------+----------------------
